[Event "44th Chess Olympiad Open 2022"]
[Site "Chennai"]
[Date "2022.07.30"]
[Round "2.63"]
[White "Badene, Habtamu Bayu"]
[Black "Adeshole Beckley, Brian"]
[Result "1/2-1/2"]
[ECO "C14"]
[WhiteElo "2011"]
[BlackElo "1590"]
[Annotator "TA"]
[PlyCount "107"]
[EventDate "2022.07.29"]
[EventType "team-tourn"]
[EventCountry "IND"]
[SourceTitle "playchess.com"]
[Source "ChessBase"]
[SourceQuality "1"]
[WhiteTeam "Ethiopia"]
[BlackTeam "SLE"]
[WhiteTeamCountry "ETH"]
[TimeControl "40/5400+30:1800+30"]

1. e4 e6 2. d4 d5 3. Nc3 Nf6 4. Bg5 Be7 5. e5 Nfd7 6. h4 Nc6 {[%emt 0:00:30] C14: French: Classical System: 4 Bg5 Be7 main line.} 7. a3 {[%emt 0:01:06] [#]} h6 $146 ({Predecessor:} 7... f6 8. exf6 Nxf6 9. Nf3 Bd7 10. Bd3 O-O 11. Qe2 a6 12. Nd1 Bd6 13. Ne3 h6 14. O-O-O hxg5 15. hxg5 {0-1 (32) Tipter,N (2052)-Iagar,R (2141) Madrid 2010}) 8. Bxe7 Nxe7 9. Bd3 a6 (9... c5 $11) 10. b4 a5 11. Nge2 b6 (11... O-O $11 {keeps the balance.}) 12. b5 $1 $16 {[%emt 0:02:30] White is more active.} c5 13. bxc6 $1 Nxc6 14. Nb5 O-O 15. c3 (15. Nf4 $16) 15... Ba6 16. Nd6 $2 (16. a4 $14 {keeps the upper hand.}) 16... Bxd3 $19 17. Qxd3 {[%emt 0:01:15] [#]} Ndxe5 $1 18. dxe5 (18. Qg3 Qxd6) 18... Nxe5 19. Qg3 Qxd6 20. O-O Nc4 21. Qxd6 Nxd6 22. Rfb1 Nc4 23. a4 Rfc8 24. f3 Rab8 25. Kf2 Nd6 26. Ke1 b5 27. axb5 Rxb5 28. Rxb5 Nxb5 {[%emt 0:00:07][%mdl 4096] Endgame KRN-KRN} 29. Kd2 (29. Rxa5 {is a better defense.} Nxc3 30. Nxc3 Rxc3 31. h5) 29... Ra8 30. Ra4 Nd6 31. Kd3 Nc4 32. Kd4 Rc8 33. Ra2 a4 34. Nc1 a3 35. Nd3 Kf8 36. Nb4 Ke7 37. Nc2 Kd6 38. Nxa3 e5+ (38... Nxa3 $19 39. Rxa3 Rc4+ 40. Kd3 Rxh4) 39. Kd3 $17 Nxa3 40. Rxa3 {[%emt 0:00:09] KR-KR} Rc4 ({Black should try} 40... h5 41. Ra7 Rc7 42. Ra6+ Rc6) 41. Ra6+ Ke7 42. Ra5 Ke6 {[%emt 0:01:39] And now ...e4+ would win.} 43. Ra6+ Kf5 {[%emt 0:01:50] Threatens to win with ...e4+.} 44. Ra5 (44. Ra7 $15) 44... Rxh4 45. Rxd5 Rh2 46. g4+ (46. c4 $17 {was the only defense.}) 46... Kf4 $19 {[%emt 0:01:02] Strongly threatening ...f6.} 47. Rd7 {[%emt 0:00:26] [#]} f6 ({Stronger than} 47... Kxf3 48. Rxf7+ Kxg4 49. Rxg7+ Kf5 50. Rf7+ Ke6 51. Rf8 $15) 48. Rxg7 Kxf3 {[%emt 0:00:15] Hoping for ...e4+.} 49. Rf7 $2 (49. Re7 {nothing else works.}) 49... e4+ 50. Kc4 Kxg4 $2 (50... e3 {aiming for ...e2.} 51. Rxf6+ Ke2) 51. Rxf6 {[%emt 0:00:18] [#]} e3 $2 ({Black should play} 51... Kg5 $1 $19 52. Rf1 Rd2 53. Rg1+ Kf4 54. Rf1+ Ke5) 52. Kd3 $11 {[%emt 0:01:07] The position is equal.} e2 53. Kd2 Kg3 54. Ke1 {[%emt 0:01:45] Weighted Error Value: White=0.51/Black=0.35} 1/2-1/2

[Event "44th Chess Olympiad Open 2022"]
[Site "Chennai"]
[Date "2022.07.30"]
[Round "2.63"]
[White "Kamara, Ansumana"]
[Black "Jimma, Desalegn Fekadu"]
[Result "0-1"]
[ECO "B80"]
[WhiteElo "1896"]
[BlackElo "2112"]
[Annotator "TA"]
[PlyCount "134"]
[EventDate "2022.07.29"]
[EventType "team-tourn"]
[EventCountry "IND"]
[SourceTitle "playchess.com"]
[Source "ChessBase"]
[SourceQuality "1"]
[WhiteTeam "SLE"]
[BlackTeam "Ethiopia"]
[BlackTeamCountry "ETH"]
[TimeControl "40/5400+30:1800+30"]

1. e4 c5 2. Nf3 d6 3. d4 cxd4 4. Nxd4 Nf6 5. Nc3 a6 6. Be3 e6 7. f3 Nbd7 8. Qd2 b5 9. g4 Bb7 10. O-O-O (10. g5 $14 Ng8 11. O-O-O) 10... b4 {[%emt 0:02:07] B80: Sicilian Scheveningen: 6 g3 and 6 Be3, including English Attack.} (10... h6 $11) 11. Na4 ({White should play} 11. Nce2 $14) 11... d5 (11... Qa5 $15 {stays ahead.} 12. b3 h6) 12. g5 $16 Nh5 {[%emt 0:01:28] [#] White is slightly better.} 13. exd5 $146 ({Predecessor:} 13. Bd3 g6 14. Kb1 Qa5 15. b3 e5 16. Ne2 d4 17. Bf2 Bc6 18. Nb2 Qc7 19. Bg3 {½-½ (28) Janssen,H (1837)-Helmsen,F (1971) Plau am See 2006}) 13... Bxd5 14. Be2 (14. b3 $16) 14... g6 15. Kb1 Be7 (15... Qa5 $14 16. c4 bxc3 17. Nxc3 Bb4) 16. Rhf1 ({White should try} 16. c4 $16 bxc3 17. Nxc3) 16... O-O 17. f4 Ng7 18. f5 ({Better is} 18. Bf3 $14 Rc8 19. Bxd5 exd5 20. f5) 18... gxf5 (18... Nxf5 $11 {remains equal.} 19. Nxf5 gxf5) 19. Nxf5 $2 Nxf5 $17 20. Rxf5 Bc6 ({Don't do} 20... exf5 21. Qxd5 Qc7 22. Qxd7 Qxd7 23. Rxd7 $18) 21. Bf3 Bxa4 ({Not} 21... exf5 22. Bxc6 Ne5 23. Bxa8 Qxa8 24. Nb6 $11) 22. Rf4 {[%emt 0:01:59] [#]} Rc8 (22... Bxg5 $2 23. Rg4 f6 24. Bxa8 $18) (22... Qc7 $1 $19 {has better winning chances. Threatens to win with ...Rad8.} 23. Bxa8 Rxa8) 23. b3 {[%emt 0:00:12] Now White is beyond hope.} (23. Be4 $17) 23... Bb5 $19 {[%emt 0:01:29] aiming for ...Qc7.} ({Much less strong is} 23... Bxg5 24. Rg4 f6 25. bxa4 $16) 24. Rh4 $2 (24. Bb7 {was called for.}) 24... Ne5 25. Qg2 {[%emt 0:02:50] [#]} Qc7 26. Be4 Ng6 27. Qh3 Nxh4 28. Qxh4 f5 29. gxf6 Bxf6 30. Rg1+ Kh8 31. Qh3 Rg8 32. Rd1 Rce8 33. Bb6 Qg7 34. Bc5 Ba1 35. c3 Bxc3 36. a3 Rd8 37. Rc1 Ba1 38. Qxh7+ Qxh7 39. Bxh7 Kxh7 40. Kxa1 bxa3 {[%emt 0:00:28] White must now prevent ...Rg2.} 41. Bxa3 Rd2 {[%emt 0:30:32] Black mates.} 42. Rc7+ Kh6 43. Bc1 Rg1 44. Rc2 {[%emt 0:00:30] [#]} Rxc1+ $1 45. Rxc1 Rxh2 {[%emt 0:00:14] KRB-KR} 46. Re1 Re2 47. Rg1 e5 48. Kb1 e4 49. Kc1 e3 50. Rg3 Re1+ 51. Kc2 e2 52. Re3 Rd1 53. Kc3 e1=Q+ 54. Rxe1 Rxe1 55. Kb4 Re4+ 56. Ka3 a5 57. Kb2 Kg5 58. Ka3 Re2 59. b4 Re3+ 60. Kb2 axb4 61. Ka2 Bc4+ 62. Kb2 Re2+ 63. Ka1 b3 64. Kb1 Bd3+ 65. Ka1 b2+ 66. Ka2 b1=Q+ 67. Ka3 Ra2# {[%emt 0:00:48] Weighted Error Value: White=1.14/Black=0.69} 0-1

[Event "44th Chess Olympiad Open 2022"]
[Site "Chennai"]
[Date "2022.07.30"]
[Round "2.63"]
[White "Lwebuga, Ronald"]
[Black "Tsige, Addisalem Temesgen"]
[Result "1/2-1/2"]
[ECO "A04"]
[WhiteElo "1818"]
[BlackElo "2072"]
[Annotator "TA"]
[PlyCount "124"]
[EventDate "2022.07.29"]
[EventType "team-tourn"]
[EventCountry "IND"]
[SourceTitle "playchess.com"]
[Source "ChessBase"]
[SourceQuality "1"]
[WhiteTeam "SLE"]
[BlackTeam "Ethiopia"]
[BlackTeamCountry "ETH"]
[TimeControl "40/5400+30:1800+30"]

1. Nf3 c5 2. c4 Nc6 3. g3 g6 4. d4 cxd4 5. Nxd4 Bg7 6. Nxc6 bxc6 7. Nc3 Nf6 8. Bg2 O-O 9. O-O Qa5 {[%emt 0:00:11] A04: Unusual lines after 1 Nf3 and King's Indian Attack.} 10. Bd2 Rb8 11. Qc2 Qc7 12. Rac1 {[%emt 0:03:06] [#]} Rd8 $146 (12... d6 $11) ({Predecessor:} 12... d6 13. b3 Nd7 14. Na4 c5 15. Bc3 Bb7 16. Bxg7 Kxg7 17. Nc3 Bxg2 18. Kxg2 Qb7+ {½-½ (34) Libertou,M-Kouvatsou,M (2145) Athens 1996}) 13. e4 {[%emt 0:00:18] White is more active.} (13. c5 $16) 13... Ba6 $14 14. b3 d5 ({Black should try} 14... d6 $14) 15. exd5 $18 cxd5 16. Nxd5 Nxd5 17. Bxd5 Bd4 18. Rfe1 Rbc8 {[%emt 0:02:52][%cal Od8d5] Strongly threatening ...Rxd5!} 19. Bg2 h5 20. Bg5 Re8 (20... Bf6 $142) 21. Rcd1 e5 22. Bd5 {[%emt 0:02:14] Intending Qxg6+ and mate.} Qd6 (22... Kg7 {might work better.} 23. Qd2 Bb7) 23. Qe4 Kg7 24. Qf3 (24. Rxd4 $142 {[%cal Od5f7] Bxf7! is the strong threat.} exd4 25. Be7 (25. Qxd4+ f6 $16) 25... Rxe7 26. Qxe7 Qxe7 27. Rxe7) 24... f6 25. Be3 Bxe3 26. Qxe3 (26. fxe3 Qe7 27. e4 Rc7) 26... Qc7 {[%emt 0:00:17] Against Bb7} (26... Qe7 $142 27. f4 Qc7) 27. Rd2 Re7 28. Red1 Rd8 29. Bf3 Rxd2 30. Qxd2 e4 31. Bg2 Bc8 32. Qd8 Qb7 (32... Qxd8 $142 33. Rxd8 Be6) 33. Qd5 Qc7 (33... Qb4 $16) 34. Re1 (34. Bxe4 $2 Rd7 35. Qxd7+ Bxd7 $19) (34. Qd6 $18) 34... Bb7 35. Qd4 Qa5 (35... a5 $16 36. Rd1 (36. Bxe4 Qe5 $16) 36... Bc6) 36. Re2 Qe5 37. Qxe5 Rxe5 {[%emt 0:00:24][%mdl 4096] Endgame KRB-KRB} 38. Rd2 {[%emt 0:00:58] And now Rd7+ would win.} Re7 {[%emt 0:00:35] Inhibits Rd7.} 39. Kf1 f5 (39... g5 {was called for.} 40. h4 gxh4 41. gxh4 f5) 40. h4 Kf7 41. c5 Rc7 (41... a5 $142 42. Ke2 Rc7) 42. b4 Ba6+ 43. Ke1 Bb7 44. Bf1 Bc8 45. Bc4+ Kf6 46. Ke2 Ke5 (46... Rc6 $142 47. Bb5 Rc7 48. Rd6+ Ke5 49. Rxg6 Be6) 47. Rd5+ Kf6 48. Rd6+ Ke5 49. Ke3 Rg7 50. Rd5+ Kf6 51. Kf4 Re7 52. b5 $2 (52. Rd6+ Kg7 53. Kg5) 52... e3 53. Rd6+ Kg7 {[%emt 0:00:24] Threatens to win with ...Re4+.} 54. Kf3 ({And not} 54. fxe3 Re4+ 55. Kf3 Rxc4 $17) 54... f4 {[%emt 0:00:55] Hoping for ...Bg4+.} 55. fxe3 ({Worse is} 55. gxf4 e2 56. Bxe2 Bg4+ 57. Kg3 Rxe2 $11) 55... fxe3 56. Ke2 Bg4+ 57. Ke1 Re5 58. c6 Rc5 59. Rd4 Kf6 {[%emt 0:00:29] [#]} 60. a4 $2 (60. Be2 $1 $18 ) 60... Ke5 $11 61. Rf4 a5 $2 {[%emt 0:00:00] [#]} (61... Kd6 $11 {and Black is okay.}) 62. Kf1 $2 (62. bxa6 $1 $18 Rxc6 63. a7) 62... Kd6 {[%emt 0:00:00] Weighted Error Value: White=0.44/Black=0.39} 1/2-1/2

[Event "44th Chess Olympiad Open 2022"]
[Site "Chennai"]
[Date "2022.07.30"]
[Round "2.64"]
[White "Gerena Rivas, Eliam"]
[Black "Tan, Santiago Jr"]
[Result "1-0"]
[ECO "B13"]
[WhiteElo "2102"]
[BlackElo "1872"]
[Annotator "TA"]
[PlyCount "83"]
[EventDate "2022.07.29"]
[EventType "team-tourn"]
[EventCountry "IND"]
[SourceTitle "playchess.com"]
[Source "ChessBase"]
[SourceQuality "1"]
[WhiteTeam "Puerto Rico"]
[BlackTeam "PLW"]
[WhiteTeamCountry "PUR"]
[TimeControl "40/5400+30:1800+30"]

1. e4 c6 2. d4 d5 3. exd5 cxd5 4. Bd3 Nc6 5. c3 Nf6 6. Bf4 e6 7. Nd2 Bd6 8. Bxd6 Qxd6 9. Ngf3 {[%emt 0:00:14][%cal Bg1f3,Bf3e5,Be5f7][%mdl 32] B13: Caro-Kann: Exchange Variation and Panov-Botvinnik Attack.} h6 10. Qe2 a6 11. a4 {[%emt 0:03:24] White is better.} O-O 12. O-O Re8 13. Ne5 Bd7 14. f4 {[%emt 0:01:04] [#]} Ne7 $146 (14... Qe7 $142) ({Predecessor:} 14... Rac8 15. Rf3 Nh7 16. Raf1 f6 17. Ng6 Ne7 18. Rg3 Nxg6 19. Bxg6 Re7 20. Bc2 b5 {0-1 (35) Lenz,J (1078)-Masek,L (966) LSS email 2016}) 15. g4 $16 {[%emt 0:02:23] g5 is the strong threat. 0x0.0013bbe7561cdp-1022s more active pieces.} Nh7 {[%emt 0:00:43] Prevents g5.} (15... g6 $16 16. g5 Nh7 17. gxh6 Nf5) 16. Bxh7+ $18 Kxh7 17. Nxf7 Qb6 18. Ne5 Rad8 19. Qd3+ Kg8 20. b4 Rf8 21. Nb3 Qd6 22. Nc5 {[%emt 0:00:39] Pair of Knights!} Bc8 23. a5 Rf6 24. Rf3 Rdf8 25. Raf1 Qd8 26. Qe3 Qe8 27. R1f2 Ng6 28. Ncd3 Ne7 29. h4 h5 30. g5 Nf5 $2 (30... Rf5 31. Rg3 g6) 31. Qe2 (31. gxf6 Nxe3 32. fxg7 Kxg7 33. Rxe3 Kh8 $18) 31... R6f7 32. Ng6 {[%emt 0:03:07] [#] And now Nde5 would win.} Rf6 33. gxf6 ({Don't do} 33. Nxf8 Rxf8 34. Nc5 Qf7 $18) 33... Qxg6+ 34. Rg2 Qxf6 35. Rg5 ({Don't play} 35. Rh3 e5 $18) 35... Bd7 36. Nc5 Bc8 37. Rf2 Nxh4 (37... Qf7 $142 38. Rfg2 (38. Rxh5 $2 Ng3 $19) 38... Qe7 39. Qxh5 Qc7) 38. Qxh5 Nf5 39. Rh2 {[%emt 0:04:17] [#] Strongly threatening Rg6.} Qe7 40. Qh7+ Kf7 41. Qg6+ Kg8 42. Rgh5 {[%emt 0:00:14] White took control after the opening.  Weighted Error Value: White=0.10 (very precise) /Black=0.56} 1-0

[Event "44th Chess Olympiad Open 2022"]
[Site "Chennai"]
[Date "2022.07.30"]
[Round "2.64"]
[White "Zilleruelo Irizarry, Diego"]
[Black "Salvadora, Angelo"]
[Result "1-0"]
[ECO "B07"]
[WhiteElo "2081"]
[BlackElo "1711"]
[Annotator "TA"]
[PlyCount "55"]
[EventDate "2022.07.29"]
[EventType "team-tourn"]
[EventCountry "IND"]
[SourceTitle "playchess.com"]
[Source "ChessBase"]
[SourceQuality "1"]
[WhiteTeam "Puerto Rico"]
[BlackTeam "PLW"]
[WhiteTeamCountry "PUR"]
[TimeControl "40/5400+30:1800+30"]

1. e4 d6 2. d4 Nf6 3. Nc3 Bg4 4. Be2 Bxe2 5. Qxe2 Nc6 ({Black should play} 5... e5 $14) 6. Be3 {[%emt 0:01:29] [#] B07: Pirc Defence: Miscellaneous Systems.} Qd7 $146 ({Predecessor:} 6... e5 7. d5 Ne7 8. Nf3 Ng6 9. O-O Be7 10. h3 h6 11. Nh2 a6 12. f4 exf4 13. Bxf4 {½-½ (25) Venturas,B (591)-Czaban,T (794) LSS email 2016}) 7. Nf3 a6 8. d5 {[%emt 0:06:35] White is better.} Na7 (8... Ne5 $16) 9. a4 (9. e5 $18 Ng4 10. Bxa7 Rxa7 11. O-O) 9... Qg4 10. h3 {[%emt 0:02:03] White is more active.} Qxg2 {[%emt 0:02:09][%mdl 8192] [#]} (10... Qc8 $16 {is more resistant.} 11. Bg5 g6) 11. O-O-O $1 $18 Qg6 12. Rdg1 Qh5 13. Rg5 Qh6 14. Rf5 g5 15. Bxg5 Qg6 16. Bxf6 exf6 17. Kb1 h5 (17... Be7 $142 18. Qe3 Qg8) 18. Rg1 Qh6 19. Nh4 O-O-O 20. Rf3 Kb8 21. Nf5 Qh7 22. b4 c6 $2 {[%emt 0:01:24] [#]} (22... Rg8) 23. b5 cxb5 24. axb5 axb5 25. Nxb5 Nxb5 26. Qxb5 {[%emt 0:00:02] White mates.} Rg8 27. Rxg8 Qxg8 28. Rb3 {[%emt 0:00:27] Black got outplayed after the opening.  Weighted Error Value: White=0.26 (precise) /Black=0.78} 1-0

[Event "44th Chess Olympiad Open 2022"]
[Site "Chennai"]
[Date "2022.07.30"]
[Round "2.64"]
[White "Montel Jr, Cyril Tomas"]
[Black "Fellman, Mike"]
[Result "0-1"]
[ECO "A34"]
[WhiteElo "1827"]
[BlackElo "2107"]
[Annotator "TA"]
[PlyCount "66"]
[EventDate "2022.07.29"]
[EventType "team-tourn"]
[EventCountry "IND"]
[SourceTitle "playchess.com"]
[Source "ChessBase"]
[SourceQuality "1"]
[WhiteTeam "PLW"]
[BlackTeam "Puerto Rico"]
[BlackTeamCountry "PUR"]
[TimeControl "40/5400+30:1800+30"]

1. c4 Nf6 2. g3 c5 3. Bg2 d5 4. cxd5 Nxd5 5. Nc3 Nc7 6. Nf3 Nc6 7. O-O e5 8. d3 Be7 9. b3 Be6 10. Bb2 f6 11. h3 Qd7 12. Kh2 O-O 13. Rc1 Rac8 14. Nd2 {[%emt 0:07:06] [#] A34: Symmetrical English: 2 Nc3, lines with ...d5.} Rfd8 $146 {[%emt 0:03:58] Black is more active.} ({Predecessor:} 14... b6 15. Nc4 Nd4 16. e3 Nc6 17. a3 Rfd8 18. g4 Bf8 19. Qf3 Ne7 20. a4 Ned5 21. Rfd1 Nb4 {0-1 (47) Moya Pol,A-Gomez Celdran,F (1982) Benidorm 2006}) 15. f4 exf4 16. Rxf4 {[%emt 0:00:18] Black is slightly better.} f5 (16... Bd6 $6 17. Rf1 $11) 17. Nc4 (17. Rf1 $15) 17... Bg5 18. Rf2 Bxc1 $19 19. Qxc1 h6 (19... b5 $19 20. Ne3 Nd4) 20. e4 (20. Na4 $17 b6 21. Qd2) 20... Rf8 (20... Qxd3 21. Rd2 Bxc4 22. Rxd3 Bxd3 23. exf5 Bxf5 24. g4 $11) 21. e5 b5 {[%emt 0:07:48] Inhibits Na4.} ({Don't take} 21... Qxd3 22. Nd6 $14 (22. Rd2 Bxc4 23. Rxd3 Bxd3 $11)) (21... Rcd8 $19 {and Black stays clearly on top. Hoping for ...Nb4.} 22. Qe3 b6) 22. Nd6 $2 {[%emt 0:00:29][%mdl 8192] White does not recover from this.} (22. Bxc6 $17 {nothing else works.} Qxc6 23. Nd6) 22... Nxe5 23. Nxc8 {[%emt 0:05:56][%cal Oc1e3] [#] And now Qe3! would win.} Nxd3 ({Not} 23... Rxc8 24. Qe3 Nxd3 25. Rd2 $17) 24. Rd2 {[%emt 0:01:14][%cal Oc1f1] Strongly threatening Qf1!} Rxc8 $2 (24... Nxc1 $19 25. Rxd7 Bxd7 26. Ne7+ Kf7) 25. Qf1 (25. Qg1 $17 {was necessary.}) 25... c4 26. Ne2 (26. bxc4 $142 bxc4 27. Qf3) 26... Nd5 ({Weaker is} 26... cxb3 27. axb3 Bxb3 28. Nf4 $16) 27. Nf4 $2 (27. Bd4 {was called for.}) 27... N3xf4 28. gxf4 c3 29. Bxc3 Rxc3 30. Qd1 {[%emt 0:00:12] [#]} Qc7 $1 31. Bxd5 (31. Qe1 Nxf4) 31... Qxf4+ {[%emt 0:00:34] Black mates.} 32. Kg1 Bxd5 33. Rxd5 Rg3+ {[%emt 0:00:34] Weighted Error Value: White=1.28/Black=0.35} 0-1

[Event "44th Chess Olympiad Open 2022"]
[Site "Chennai"]
[Date "2022.07.30"]
[Round "2.64"]
[White "Cabunagan, Tito"]
[Black "Pinales Roussel, Gabriel"]
[Result "0-1"]
[ECO "B06"]
[WhiteElo "1706"]
[BlackElo "1973"]
[Annotator "TA"]
[PlyCount "70"]
[EventDate "2022.07.29"]
[EventType "team-tourn"]
[EventCountry "IND"]
[SourceTitle "playchess.com"]
[Source "ChessBase"]
[SourceQuality "1"]
[WhiteTeam "PLW"]
[BlackTeam "Puerto Rico"]
[BlackTeamCountry "PUR"]
[TimeControl "40/5400+30:1800+30"]

1. e4 g6 2. f4 d5 3. exd5 Qxd5 4. Nf3 Qe4+ 5. Be2 Qxf4 {[%emt 0:01:45] [#]} 6. d4 $146 {[%emt 0:00:24] B06: Modern Defence.} ({Predecessor:} 6. O-O Nf6 7. Nc3 Bg7 8. Nb5 Na6 9. d4 Qe4 10. Ne5 O-O 11. Nc3 Qh4 12. Rf4 {1-0 (25) Mollekens,R-Maliangkay,R Hasselt 1974}) 6... Qd6 7. O-O Nf6 8. c4 {[%emt 0:00:29] The position is equal.} Bg7 9. Nc3 O-O 10. c5 Qd8 11. h3 Nd5 12. Nxd5 (12. Bc4 $15 Be6 13. Qb3 Nxc3 14. bxc3 Bxc4 15. Qxc4) 12... Qxd5 $17 13. Be3 Nc6 14. b3 {[%emt 0:00:15] [#]} e5 (14... Qd8 $1 $17) 15. Ng5 (15. Bc4 $1 $11 Qe4 16. Qd2 exd4 17. Bh6 Bxh6 18. Qxh6 Qe3+ 19. Qxe3 dxe3 20. Rfe1) 15... exd4 16. Bc4 Qe5 (16... Qxc5 $17 17. Rxf7 Rxf7 18. Nxf7 h6 19. Bxh6 Bxh6 20. Nxh6+ Kg7) 17. Bf4 $15 Qe7 {[%emt 0:03:48] Strongly threatening ...d3.} 18. Qf3 (18. Qe1 $1 $11) 18... Nd8 (18... Qxc5 $6 19. Nxf7 Bf5 20. Rac1 $11) (18... Be6 $17 {Threatens to win with ...Bxc4.} 19. Nxe6 fxe6) 19. Rae1 Be6 20. Qg3 Qxc5 (20... h6 $1 $15 21. Nxe6 Nxe6) 21. Bxe6 $4 {[%emt 0:02:56][%mdl 8192] White is on the road to losing.} (21. Qh4 $1 $11 h5 22. Bd3) 21... Nxe6 $19 (21... fxe6 22. Rc1 Qd5 23. Rxc7 $17) 22. Nxe6 (22. Rxe6 {was worth a try.} fxe6 23. Nxe6) 22... fxe6 23. Rc1 Qd5 24. Rxc7 Rf5 {[%emt 0:01:13] Prevents Qg5.} 25. Rfc1 e5 26. Bd2 Rf7 27. R7c5 $2 (27. Qh4 {was necessary.}) 27... Qe6 {[%emt 0:00:45] White must now prevent ...e4.} 28. Qh4 Re8 29. Qe4 Qf5 ({Avoid the trap} 29... Qf6 $2 30. Rc8 Rff8 31. Rxe8 Qf2+ 32. Kh2 Rxe8 33. Rc2 $19) 30. Qe2 Ref8 31. Bb4 Rd8 32. Rc7 d3 33. Rxf7 dxe2 {[%emt 0:00:31] Dancing on a razor blade.} (33... Qxf7 $2 {perishes.} 34. Qe3 $19) (33... Kxf7 $142 34. Qd2 Kg8) 34. Rxf5 Rd1+ ({Worse is} 34... gxf5 35. Kf2 $17) 35. Rf1 $2 {[%emt 0:00:09] [#]} (35. Kf2 $19 Rxc1 36. Rg5) 35... exf1=Q+ {[%emt 0:00:08] Weighted Error Value: White=0.71/Black=0.33} 0-1

[Event "44th Chess Olympiad Open 2022"]
[Site "Chennai"]
[Date "2022.07.30"]
[Round "2.65"]
[White "De Silva, L M S T"]
[Black "Albury, Noah"]
[Result "1-0"]
[ECO "C27"]
[WhiteElo "2212"]
[BlackElo "1324"]
[Annotator "TA"]
[PlyCount "61"]
[EventDate "2022.07.29"]
[EventType "team-tourn"]
[EventCountry "IND"]
[SourceTitle "playchess.com"]
[Source "ChessBase"]
[SourceQuality "1"]
[WhiteTeam "Sri Lanka"]
[BlackTeam "Bahamas"]
[WhiteTeamCountry "SRI"]
[BlackTeamCountry "BAH"]
[TimeControl "40/5400+30:1800+30"]

1. e4 e5 2. Nc3 Nf6 3. Bc4 Bc5 4. d3 O-O 5. f4 d5 6. Nxd5 {[%emt 0:17:35] C27: Vienna Game: 2...Nf6 3 Bc4 Nxe4.} Ng4 (6... Be6 $11) 7. f5 $16 {[%emt 0:02:49] [#]} Qh4+ $146 (7... Nf2 $16 8. Qh5 c6) ({Predecessor:} 7... Nf2 8. Qh5 Kh8 9. Nh3 Nxh3 10. Qxh3 c6 11. Nc3 b5 12. Bb3 a5 13. a4 b4 {0-1 (49) Bon,M (2416)-Salinas Herrera,P (2502) Chess.com INT 2021}) 8. g3 $18 {[%emt 0:02:39] White is winning.} Bf2+ 9. Kf1 Qh5 10. Qf3 Bxg1 11. Kxg1 {[%emt 0:00:34] [#] Hoping for h3.} Nd7 12. Nxc7 Rb8 13. h3 Ngf6 14. Qxh5 Nxh5 15. Kg2 Nb6 16. Bb3 Bd7 17. Be3 Na4 18. Bxa7 {[%emt 0:05:26] White is clearly winning.} Rbc8 19. Nd5 {[%emt 0:00:44][%cal Bc7d5,Bd5f6,Bf6d7,Bd7e5][%mdl 32] [#] aiming for Ne7+.} Ra8 20. Be3 g6 (20... Nf6 $142 21. Ne7+ Kh8) 21. g4 Nf4+ 22. Bxf4 exf4 23. Nf6+ Kg7 24. Nxd7 Rfd8 25. f6+ Kg8 26. Ne5 Nc5 27. Bxf7+ Kf8 28. Bd5 Nd7 29. Nxd7+ Rxd7 30. c4 Ra5 31. e5 {[%emt 0:00:11] Black got outplayed after the opening.  Weighted Error Value: White=0.14 (very precise) /Black=0.66} 1-0

[Event "44th Chess Olympiad Open 2022"]
[Site "Chennai"]
[Date "2022.07.30"]
[Round "2.65"]
[White "Alahakoon, Isuru"]
[Black "Knowles, Kendrick"]
[Result "1/2-1/2"]
[ECO "B13"]
[WhiteElo "2000"]
[BlackElo "1907"]
[Annotator "TA"]
[PlyCount "86"]
[EventDate "2022.07.29"]
[EventType "team-tourn"]
[EventCountry "IND"]
[SourceTitle "playchess.com"]
[Source "ChessBase"]
[SourceQuality "1"]
[WhiteTeam "Sri Lanka"]
[BlackTeam "Bahamas"]
[WhiteTeamCountry "SRI"]
[BlackTeamCountry "BAH"]
[TimeControl "40/5400+30:1800+30"]

1. d4 Nf6 2. Bf4 d5 3. e3 c5 4. c3 Nc6 5. Nd2 a6 6. Ngf3 cxd4 7. exd4 Bg4 8. Bd3 e6 9. O-O Bd6 10. Bxd6 Qxd6 11. Re1 {[%emt 0:00:10] B13: Caro-Kann: Exchange Variation and Panov-Botvinnik Attack.} O-O 12. Qc2 Bxf3 13. Nxf3 {[%emt 0:04:50] [#]} b5 $146 ({Predecessor:} 13... Rac8 14. Qe2 Rfd8 15. Ne5 Qc7 16. f4 Re8 17. Rf1 Qe7 18. Rf3 Nd7 19. Bxh7+ Kf8 {1-0 (62) Arvizu Rivera,P-Benites Narcizo,W (1724) Oaxtepec 2014}) 14. Ne5 Rfc8 15. Qe2 Nd8 (15... b4 $11) 16. a3 $16 {[%emt 0:05:02] White is more active.} Ra7 17. Rad1 Rac7 18. Bb1 (18. f4 $16) 18... g6 19. h4 Kg7 (19... Nc6 $14) 20. Rd3 a5 {[%emt 0:00:39] [#]} 21. h5 ({White should play} 21. Rg3 $1 $16) 21... Nxh5 $11 {[%emt 0:01:05] ...Nf4 is the strong threat.} 22. Qd2 {[%emt 0:02:55] Against Nf4} b4 23. axb4 axb4 24. Rh3 {[%emt 0:00:25] And now g4 would win.} bxc3 25. bxc3 {[%emt 0:00:05] aiming for g4.} f5 26. g4 (26. Qg5 $11 {keeps the balance.} Nf7 27. Nxf7 Kxf7 28. Rxh5 gxh5 29. Qh6) 26... Nf6 $2 (26... fxg4 $17 {keeps the pressure on.} 27. Rh4 (27. Nxg4 $2 Qf4 $19) 27... Nf7 28. Rxg4 Nxe5 29. Rxe5 Nf6) 27. gxf5 $18 exf5 28. Bxf5 gxf5 (28... Ng8 $142 29. Bxc8 Rxc8) 29. Qh6+ ({Avoid the trap} 29. Qf4 $2 Kg8 30. Rg3+ Rg7 31. Rxg7+ Kxg7 $19) 29... Kh8 30. Rg3 {[%emt 0:02:01] Threatening mate with Ng6+.} Ne4 31. Ng6+ $1 Kg8 32. Rxe4 $2 Qxg3+ $16 33. fxg3 Nf7 34. Qh4 (34. Ne7+ $16 Rxe7 35. Qa6) 34... hxg6 (34... dxe4 $14 35. Ne7+ Rxe7 36. Qxe7 Rxc3) 35. Re6 $18 Kg7 (35... g5 {was worth a try.} 36. Qh3 f4 37. Rg6+ Kf8) 36. Qf6+ Kf8 37. Qxg6 Rxc3 38. Rf6 $2 (38. Kh2 $18 {Threatens to win with Rf6.} Rc1 39. Qxf5) 38... Rc1+ $11 {[%emt 0:00:17] The position is equal.} 39. Kg2 R8c2+ 40. Kf3 Rc3+ $1 41. Ke2 R3c2+ 42. Kd3 Rc3+ $1 43. Kd2 {[%emt 0:00:07][%csl Gf6][%cal Rg6f7] Chess con chili.} R3c2+ {[%emt 0:54:31] Black defended with fortune.  Weighted Error Value: White=0.65/Black=0.47} 1/2-1/2